 Dungeon Crawl Stone Soup version 0.13-a0-2001-g039544c (webtiles) character file.

132 Kae the Firebug (level 3, -1/19 HPs)
             Began as a Tengu Fire Elementalist on June 25, 2013.
             Slain by a hobgoblin
             ... wielding a +0,+1 orcish club
              (2 damage)
             ... on Level 2 of the Dungeon.
             The game lasted 00:01:51 (1189 turns).

Kae the Firebug (Tengu Fire Elementalist)           Turns: 1189, Time: 00:01:51

HP  -1/19        AC  2     Str  8      XL: 3   Next: 87%
MP   0/7         EV 12     Int 16      God:
Gold 79          SH  0     Dex 14      Spells:  2 memorised,  2 levels left

Res.Fire  : . . .   See Invis. : .   (no weapon)
Res.Cold  : . . .   Warding    : .   a - +0 robe
Life Prot.: . . .   Conserve   : .   (no shield)
Res.Poison: .       Res.Corr.  : .   (helmet restricted)
Res.Elec. : .       Clarity    : .   (no cloak)
Sust.Abil.: . .     Spirit.Shd : .   (no gloves)
Res.Mut.  : .       Stasis     : .   (boots unavailable)
Res.Rott. : .       Flight     : .   (no amulet)
Saprovore : . . .                    (no ring)
                                     (no ring)

@: not resistant to hostile enchantments, fairly stealthy
A: beak, talons 3
a: no special abilities


You were on level 2 of the Dungeon.
You were very hungry.

You visited 1 branch of the dungeon, and saw 2 of its levels.

You collected 59 gold pieces.

Inventory:

Armour
 a - a +0 robe (worn)
Comestibles
 c - a bread ration
 f - a meat ration
 n - 2 rotting chunks of jackal flesh
Scrolls
 d - 2 scrolls of identify {unknown}
 e - a scroll of magic mapping {unknown}
 h - a scroll of enchant armour {unknown}
 i - 3 scrolls of fear {unknown}
 j - a scroll of enchant weapon II {unknown}
 l - 2 scrolls of curse weapon {unknown}
 o - a scroll of remove curse {unknown}
 p - a scroll of fog {unknown}
 r - a scroll of amnesia {unknown}
Jewellery
 m - an uncursed ring of protection from magic {unknown}
Potions
 g - a potion of restore abilities {unknown}
 k - a potion of might {unknown}
 q - 2 potions of curing {unknown}
Books
 b - a book of Flames

   Spells                             Type                      Level
   *Flame Tongue                      Conjuration/Fire             1
   *Throw Flame                       Conjuration/Fire             2
   Conjure Flame                      Conjuration/Fire             3
   Inner Flame                        Hexes/Fire                   3
   Sticky Flame                       Conjuration/Fire             4
   Fireball                           Conjuration/Fire             5


   Skills:
 - Level 2.1 Dodging
 - Level 2.0 Stealth
 + Level 1.9 Spellcasting
 * Level 3.2 Conjurations
 * Level 3.8 Fire Magic


You had 2 spell levels left.
You knew the following spells:

 Your Spells              Type           Power        Failure   Level  Hunger
a - Flame Tongue          Conj/Fire      ##...        6%          1    #......
b - Throw Flame           Conj/Fire      ##....       10%         2    ###....


Dungeon Overview and Level Annotations

Branches:
Dungeon (2/27)

Altars:


Innate Abilities, Weirdness & Mutations

You have a beak for a mouth.
You have claws for feet.


Message History

A hobgoblin is nearby!
You spend a moment contemplating the meaning of life.
A hobgoblin is nearby!
Casting: Flame Tongue
Confirm with . or Enter, or press ? or * to list all spells.
Aiming: Flame Tongue
Press: ? - help, Shift-Dir - straight line, f/p - hobgoblin
Aim: a hobgoblin, wielding an orcish club (severely wounded)
The flame hits the hobgoblin.
The hobgoblin is almost dead.
The hobgoblin hits you with an orcish club.
* * * LOW HITPOINT WARNING * * *
Casting: Flame Tongue
Confirm with . or Enter, or press ? or * to list all spells.
Aiming: Flame Tongue
Press: ? - help, Shift-Dir - straight line, f/p - hobgoblin
Aim: a hobgoblin, wielding an orcish club (almost dead)
You miscast Flame Tongue.
You smell smoke.
The hobgoblin hits you with an orcish club.
You die...

.# .. #.
########
###.####
.........
#......#
.........
#......# #
.........
#...g..#.+
..........
#...@..#.#
..........
#....!...#
..........
#<.....###
########'#
#....?.#
##...#
#..!...#
#..###
#####.##
#.##
####.<..#
#.#
#....####
###'##
###'######
#....#


You could see a hobgoblin.

Vanquished Creatures
  A giant mite (D:2)
  5 giant geckos
  3 bats (D:1)
  A giant cockroach (D:2)
  7 goblins (D:1)
  3 hobgoblins (D:1)
  5 jackals (D:1)
  5 kobolds
  A ball python (D:1)
  2 giant newts (D:1)
  4 rats (D:1)
37 creatures vanquished.

Notes
Turn   | Place    | Note
--------------------------------------------------------------
     0 | D:1      | Kae, the Tengu Fire Elementalist, began the quest for the Orb.
     0 | D:1      | Reached XP level 1. HP: 10/10 MP: 3/3
   182 | D:1      | Reached XP level 2. HP: 10/15 MP: 5/5
   187 | D:1      | Learned a level 2 spell: Throw Flame
   554 | D:1      | Reached XP level 3. HP: 19/19 MP: 2/7
  1189 | D:2      | Slain by a hobgoblin

Action                   || total
-------------------------++-------
Melee: Unarmed           ||    27
 Cast: Flame Tongue      ||    54
       Throw Flame       ||     2
